 Dungeon Crawl Stone Soup version 0.20.1-1-g8b1a95d (webtiles) character file.

59 ReignOfFire the Slasher (level 3, -3/27 HPs)
             Began as a Demonspawn Gladiator on July 19, 2017.
             Slain by a worm (4 damage)
             ... on level 2 of the Dungeon.
             The game lasted 00:01:36 (1476 turns).

ReignOfFire the Slasher (Demonspawn Gladiator)      Turns: 1476, Time: 00:01:36

Health: -3/27      AC:  6    Str: 15    XL:     3   Next: 78%
Magic:  3/3        EV: 13    Int:  9    God:
Gold:   87         SH:  0    Dex: 14    Spells: 2/2 levels left

rFire    . . .     SeeInvis .   a - +0 long sword
rCold    . . .     Gourm    +   (no shield)
rNeg     . . .     Faith    .   b - +0 leather armour
rPois    .         Spirit   .   c - +0 helmet
rElec    .         Reflect  .   (no cloak)
rCorr    .         Harm     .   (no gloves)
MR       .....                  (no boots)
Stlth    +.........             e - amulet of the gourmand
Regen    0.1/turn               (no ring)
MPRegen  0.1/turn               (no ring)

@: no status effects
A: icy blue scales 1
a: no special abilities


You were on level 2 of the Dungeon.
You were completely stuffed.

You visited 1 branch of the dungeon, and saw 2 of its levels.

You collected 87 gold pieces.

Inventory:

Hand Weapons
 a - a +0 long sword (weapon)
Missiles
 d - 3 throwing nets (quivered)
Armour
 b - a +0 leather armour (worn)
 c - a +0 helmet (worn)
Jewellery
 e - an amulet of the gourmand (around neck)
Scrolls
 g - a scroll of teleportation {unknown}
 h - a scroll of noise {unknown}
 i - 2 scrolls of remove curse {unknown}
 l - a scroll of enchant armour {unknown}
 o - 2 scrolls of identify {unknown}
 s - a scroll of enchant weapon {unknown}
Potions
 k - a potion of magic {unknown}
 m - a potion of mutation {unknown}
 n - 2 potions of curing {unknown}
 q - a potion of brilliance {unknown}
 r - a potion of agility {unknown}
 u - a potion of degeneration {unknown}
Comestibles
 f - a bread ration
 j - a meat ration
 p - 3 fruits
 t - a chunk of flesh


   Skills:
 + Level 2.2 Fighting
 + Level 3.5 Long Blades
 + Level 1.8 Throwing
 + Level 0.1 Armour
 + Level 3.2 Dodging
 + Level 1.0 Stealth


You had 2 spell levels left.
You didn't know any spells.

Dungeon Overview and Level Annotations

Branches:
Dungeon (2/15)

Altars:
Fedhas
Uskayaw
Vehumet


Innate Abilities, Weirdness & Mutations

You are partially covered in icy blue scales. (AC +2)


Message History

You are too injured to fight recklessly!
You are too injured to fight recklessly!
You are too injured to fight recklessly!
You are too injured to fight recklessly!
You are too injured to fight recklessly!
You are too injured to fight recklessly!
Unknown command.
You hit the worm but do no damage. You hit the worm.
The worm is lightly wounded.
The worm closely misses you.
You riposte.
You hit the worm but do no damage.
The worm is lightly wounded.
You hit the worm.
The worm is moderately wounded.
The worm bites you!
* * * LOW HITPOINT WARNING * * *
You hit the worm.
The worm is heavily wounded.
The worm bites you.
You die...

#. .. ##
#.####.### #.
....?.... #.
#......# #.
#......#
####.
#...>..+
.....
#....w.#
#####
#....@.#
#......#
#......#####.
####.........
#.########
###.# #.#.#
#.#.####
#......#


You could see a worm.

Vanquished Creatures
  2 adders (D:2)
  A worm (D:2)
  A dart slug (D:2)
  2 leopard geckos (D:2)
  3 giant cockroaches
  4 goblins
  6 hobgoblins
  A ball python (D:2)
  4 bats
  4 frilled lizards
  3 kobolds
  4 rats
35 creatures vanquished.

Notes
Turn   | Place    | Note
-------+----------+-------------------------------------------
     0 | D:1      | ReignOfFire the Demonspawn Gladiator began the quest for the Orb.
     0 | D:1      | Reached XP level 1. HP: 16/16 MP: 1/1
   253 | D:1      | Gained mutation: You are partially covered in icy blue scales. (AC +2) [demonic ancestry]
   253 | D:1      | Reached XP level 2. HP: 22/22 MP: 2/2
   571 | D:2      | Found a hide-covered altar of Uskayaw.
   674 | D:2      | Found a radiant altar of Vehumet.
   701 | D:2      | Reached XP level 3. HP: 22/27 MP: 3/3
   719 | D:2      | Reached skill level 1 in Stealth
   994 | D:2      | Found a blossoming altar of Fedhas.
  1475 | D:2      | HP: 1/27 [worm (8)]
  1476 | D:2      | Slain by a worm

Skill      XL: |  1  2  3 |
---------------+----------+-----
Dodging        | 3 |  3.2
Long Blades    | 3 |  3.5
Stealth        | 1 |  1.0
Fighting       | |  2.2
Throwing       | |  1.8
Armour         | |  0.1

Action                   || total
-------------------------++-------
Melee: Long sword        ||   112
 Stab: Sleeping          ||     4
  Eat: Chunk             ||    14
Armor: Leather armour    ||    55
Dodge: Dodged            ||    92
       Rpst.: Long sword ||    27
